 Dungeon Crawl Stone Soup version 0.31-a0-532-g28f74ba3e5 (webtiles) character file.

Game seed: 12781271201681595760

28 LeprechaunX the Ruffian (level 3, -1/24 HPs)
             Began as an Octopode Shapeshifter on Aug 13, 2023.
             Killed by divine providence
             ... invoked by an orc priest
              (14 damage)
             ... on level 2 of the Dungeon.
             The game lasted 00:01:38 (752 turns).

LeprechaunX the Ruffian (Octopode Shapeshifter)      Turns: 752, Time: 00:01:39

Health: -1/24      AC:  1    Str: 16    XL:     3   Next: 14%
Magic:  3/3        EV: 13    Int: 10    God:
Gold:   36         SH:  0    Dex: 12    Spells: 2/2 levels left

rFire   . .          .
                       - Unarmed
rCold   . . .        (no shield)
rNeg    . . .        (helmet currently unavailable)
rPois   .            (no amulet)
rElec   .            (no ring)
rCorr   .            (no ring)
SInv    .            (no ring)
Will    .....        (no ring)
Stlth   ++           (no ring)
HPRegen 0.24/turn    (no ring)
MPRegen 0.08/turn    (no ring)
                     (no ring)

%: no passive effects
@: beast-form
A: beast (slay +2), almost no armour, amphibious, 8 rings, camouflage 1,
gelatinous body 1, (nimble swimmer 1), tentacles
a: Begin Untransformation


You were on level 2 of the Dungeon.
You were a hulking beast.
You visited 1 branch of the dungeon, and saw 2 of its levels.

You collected 36 gold pieces.

Inventory:

Missiles
 f - 6 curare-tipped darts
Jewellery
 e - a ring of willpower
Talismans
 b - a beast talisman (active)
 c - a flux talisman
Scrolls
 d - a scroll of blinking {unknown}
 g - a scroll of silence {unknown}
Potions
 a - a potion of lignification


   Skills:
 + Level 1.6 Fighting
 + Level 2.4 Dodging
 + Level 3.3 Unarmed Combat
 + Level 3.2 Shapeshifting


You had 2 spell levels left.
You didn't know any spells.
Your spell library was empty.

Dungeon Overview and Level Annotations

Branches:
Dungeon (2/15)

Altars:

Shops:
D:1 *


Innate Abilities, Weirdness & Mutations

You are a hulking beast.
Your limbs bulge with bestial killing power. (Slay +2)
You cannot wear most types of armour.
You are amphibious.
You can wear up to eight rings at the same time.
Your skin changes colour to match your surroundings (Stealth+).
Your rubbery body absorbs attacks. (AC +1, EV +1)
((You are camouflaged when in or above water. (Stealth+)))
You have tentacles for arms and can constrict up to eight enemies at once.


Message History

Increase (S)trength, (I)ntelligence, or (D)exterity?
You feel stronger. x2
The orc hits you with a +0 trident.
An orc comes into view. It is wielding a +0 falchion.
Things that are here:
a +0 club; a +0 scale mail; an orc corpse You barely miss the orc.
The orc shouts!
Your grab misses the orc. Your squeeze misses the orc.
The orc barely misses you.
You bludgeon the orc!
You kill the orc!
Unknown command.
An orc priest comes into view. It is wielding a +0 flail.
Things that are here:
a +0 trident; an orc corpse The orc shouts!
Things that are here:
a +0 club; a +0 scale mail; an orc corpse The orc hits you with a +0 falchion.
You tentacle-slap the orc. You grab the orc. Your squeeze misses the orc.
The orc is moderately wounded.
You constrict the orc. The orc misses you.
You tentacle-slap the orc.
The orc is heavily wounded.
You constrict the orc. The orc barely misses you.
You tentacle-slap the orc. You squeeze the orc.
You kill the orc!
You start resting.
HP restored.
You see here a +0 falchion.
The orc priest shouts!
The orc priest mumbles some strange prayers to Beogh against you.
Beogh smites you!
Ouch! That really hurt!
The orc priest casts a cantrip, but nothing happens.
The orc priest invokes the aid of Beogh against you.
Beogh smites you!
Ouch! That really hurt!
You die...

......#
......#
..o...#
......#
......#
.......
###...?#
#####...#
#...ho###
#.##### #.#
#.# #.#
##.#######.#
.........).#
##.#######.#
#.#


You could see an orc priest.

Vanquished Creatures
  3 orcs (D:2)
  2 ball pythons (D:1)
  2 endoplasms (D:1)
  A goblin (D:1)
  4 hobgoblins (D:1)
  4 kobolds (D:1)
  A quokka (D:1)
  2 bats (D:1)
  5 rats (D:1)
24 creatures vanquished.

Notes
Turn   | Place    | Note
-------+----------+-------------------------------------------
     0 | D:1      | LeprechaunX the Octopode Shapeshifter began the quest for
                  | the Orb.
     0 | D:1      | Reached XP level 1. HP: 13/13 MP: 1/1
    63 | D:1      | Reached XP level 2. HP: 18/18 MP: 2/2
   493 | D:1      | Found Fiobaj's General Store.
   709 | D:2      | Reached XP level 3. HP: 23/23 MP: 3/3
   752 | D:2      | Killed from afar by an orc priest

Illustrated notes

Levels and vault maps discovered:
D:1:      minmay_arrival_four_loops, layout_basic, serial_shops,
          nicolae_shop_gibbet_a_chance, minmay_pentomino_s4
D:2:      cheibrodos_pilgrimage, layout_basic

Action                     || total
---------------------------++-------
  Melee: Unarmed           ||    42
         Constrict         ||    11
         Tentacles         ||     7
         Punch             ||     2
   Stab: Sleeping          ||     4
  Dodge: Dodged            ||    19

Table legend: (Time is in decaauts)
 A = Elapsed time spent in this place.
 B = Non-inter-level travel time spent in this place.
 C = Inter-level travel time spent in this place.
 D = Time resting spent in this place.
 E = Time spent auto-exploring this place.
 F = Levels seen in this place.
 G = Mean time per level.
                   A        B        C        D        E       F      G
               +--------+--------+--------+--------+--------+-----+--------+
         Total |    749 |    695 |     54 |     14 |    529 |   2 |  374.5 |
       Dungeon |    749 |    695 |     54 |     14 |    529 |   2 |  374.5 |
               +--------+--------+--------+--------+--------+-----+--------+

Top non-repeatable levels by time:
     D:1: 661 daAuts
     D:2: 87 daAuts
